 Dungeon Crawl Stone Soup version 0.21.1-1-g345015fe64 (webtiles) character file.

518 RepoMan the Insei (level 7, 57/57 HPs)
             Began as a Red Draconian Transmuter on July 6, 2018.
             Got out of the dungeon alive.
             The game lasted 00:14:55 (3788 turns).

RepoMan the Insei (Red Draconian Transmuter)        Turns: 3788, Time: 00:14:55

Health: 57/57      AC:  7    Str: 13    XL:     7   Next: 1%
Magic:  12/12      EV: 12    Int: 13    God:
Gold:   138        SH:  0    Dex: 13    Spells: 6/12 levels left

rFire    + . .     SeeInvis .     - Unarmed
rCold    . . .     Gourm    .   (no shield)
rNeg     . . .     Faith    .   (armour unavailable)
rPois    .         Spirit   .   (helmet restricted)
rElec    .         Reflect  .   m - +0 cloak
rCorr    .         Harm     .   (no gloves)
MR       .....                  (no boots)
Stlth    +.........             (no amulet)
HPRegen  0.19/turn              (no ring)
MPRegen  0.13/turn              (no ring)

@: no status effects
A: breathe fire, unfitting armour, fire resistance 1, cold-blooded, AC +6
a: Breathe Fire


You escaped.
You were not hungry.

You visited 1 branch of the dungeon, and saw 4 of its levels.

You collected 138 gold pieces.

Inventory:

Missiles
 a - 46 arrows
 y - 7 poisoned javelins (quivered)
Armour
 m - a +0 cloak (worn)
Jewellery
 q - an uncursed ring of poison resistance {unknown}
Wands
 v - a wand of flame (14)
Scrolls
 d - 2 scrolls of enchant armour {unknown}
 g - 2 scrolls of fog {unknown}
 h - 3 scrolls of teleportation {unknown}
 i - 4 scrolls of identify {unknown}
 j - 2 scrolls of random uselessness {unknown}
 n - a scroll of fear {unknown}
 o - a scroll of amnesia {unknown}
 p - 5 scrolls of immolation {unknown}
 s - 2 scrolls of remove curse {unknown}
 t - a scroll of magic mapping {unknown}
Potions
 e - a potion of berserk rage
 f - a potion of invisibility {unknown}
 k - a potion of resistance {unknown}
 l - a potion of heal wounds {unknown}
 r - a potion of cancellation {unknown}
 u - 2 potions of curing
 w - a potion of mutation {unknown}
Books
 b - a book of Changes

   Spells                             Type                      Level
   a - Beastly Appendage              Transmutation                1
   b - Sticks to Snakes               Transmutation                2
   c - Spider Form                    Transmutation/Poison         3
   d - Ice Form                       Ice/Transmutation            4
   e - Blade Hands                    Transmutation                5
Comestibles
 c - 11 rations
 x - 4 chunks of flesh


   Skills:
 + Level 3.2 Fighting
 - Level 1.7 Dodging
 * Level 5.2 Unarmed Combat
 + Level 3.3 Spellcasting
 * Level 4.6 Transmutations


You had 6 spell levels left.
You knew the following spells:

 Your Spells              Type           Power        Failure   Level  Hunger
a - Beastly Appendage     Tmut           ##....       3%          1    #......
b - Sticks to Snakes      Tmut           ##......     4%          2    ##.....
c - Spider Form           Tmut/Pois      #.........   26%         3    ###....


Dungeon Overview and Level Annotations

Branches:
Dungeon (4/15)
 Temple: D:4-7

Altars:
Trog
Vehumet
Yredelemnul


Innate Abilities, Weirdness & Mutations

You can breathe blasts of fire.
Your fiery red scales are hard. (AC +6)
You cannot fit into any form of body armour.
Your flesh is heat resistant. (rF+)
You are cold-blooded and may be slowed by cold attacks.


Message History

You enter the shallow water.
Moving in this stuff is going to be slow.
You enter the shallow water.
Moving in this stuff is going to be slow.
There is a stone staircase leading up here.
There is a stone staircase leading up here.
You climb upwards.
There is a stone staircase leading down here.
There is an open door here.
You see here a club.
There is a stone staircase leading up here.
You climb upwards.
There is a stone staircase leading down here.
There is an open door here.
You enter the shallow water.
Moving in this stuff is going to be slow.
There is an open door here.
There is a staircase leading out of the dungeon here.
Are you sure you want to leave the Dungeon?
This will make you lose the game!
You have escaped!

#.#.....########.########....#
###....## ###.......### ##...#
##..## ##...........## ##..#
##..# ##....≈≈≈≈≈....## #..#
###...# #...≈≈≈≈≈≈≈≈≈...# #..##
)....####..≈≈.......≈≈..####..###
####.# #...≈..##'##..≈...# #.>.†.
####.# #..≈≈.##...##.≈≈..# #..###
.....# #..≈≈.##.@.##.≈≈..# #....#
####.# #..≈≈.##...##.≈≈..# #..#.#
#.# #...≈..#####..≈...# #.##.#
#.####..≈≈.......≈≈..####.##.#
#..# #...≈≈≈≈.≈≈≈≈...# #..##.#
##..# ##....≈≈.≈≈...[## #...#.#
#...## ##...........## ##.....#
###....## ###.......### ##...##.#
........#################....##.#


There were no monsters in sight!

Vanquished Creatures
  A water moccasin (D:3)
  An ogre (D:4)
  A scorpion (D:3)
  An orc wizard (D:3)
  Jessica (D:3)
  An iguana (D:3)
  Terence (D:3)
  6 adders
  An adder skeleton (D:4)
  2 worms (D:2)
  13 dart slugs
  A leopard gecko (D:3)
  11 orcs
  4 giant cockroaches
  5 goblins
  4 hobgoblins
  6 jackals
  4 ball pythons
  2 bats (D:2)
  4 frilled lizards
  2 kobolds
  7 rats
79 creatures vanquished.

Vanquished Creatures (collateral kills)
  An adder (D:2)
  A bat (D:2)
  A rat (D:2)
3 creatures vanquished.

Grand Total: 82 creatures vanquished

Notes
Turn   | Place    | Note
-------+----------+-------------------------------------------
     0 | D:1      | RepoMan the Draconian Transmuter began the quest for the Orb.
     0 | D:1      | Reached XP level 1. HP: 16/16 MP: 3/3
   258 | D:1      | Reached XP level 2. HP: 23/23 MP: 5/5
   263 | D:1      | Learned a level 2 spell: Sticks to Snakes
   884 | D:2      | Reached XP level 3. HP: 13/28 MP: 0/6
  1058 | D:2      | Found a bloodstained altar of Trog.
  1183 | D:2      | Found a basalt altar of Yredelemnul.
  1426 | D:2      | Learned a level 3 spell: Spider Form
  1552 | D:2      | Reached XP level 4. HP: 16/36 MP: 2/7
  2072 | D:3      | Noticed a water moccasin
  2083 | D:3      | Killed a water moccasin
  2083 | D:3      | Reached skill level 4 in Unarmed Combat
  2083 | D:3      | Reached XP level 5. HP: 9/42 MP: 2/9
  2694 | D:3      | Reached XP level 6. HP: 46/50 MP: 6/10
  2797 | D:3      | Found a radiant altar of Vehumet.
  2885 | D:3      | Noticed Jessica
  2892 | D:3      | Killed Jessica
  2923 | D:3      | Noticed Terence
  2932 | D:3      | Killed Terence
  3489 | D:4      | Reached skill level 5 in Unarmed Combat
  3679 | D:4      | Your scales start taking on a fiery red colour.
  3679 | D:4      | Reached XP level 7. HP: 57/57 MP: 12/12
  3679 | D:4      | Gained mutation: Your flesh is heat resistant. (rF+) [Red Draconian growth]
  3788 | D:$      | Got out of the dungeon alive.

Skill      XL: |  1  2  3  4  5  6 |
---------------+-------------------+-----
Transmutations | 3 4 |  4.6
Fighting       | 2 3 |  3.2
Unarmed Combat | 4 5 |  5.2
Spellcasting   | 3 |  3.3
Dodging        | |  1.7

Action                   |  1- 3 |  4- 6 |  7- 9 || total
-------------------------+-------+-------+-------++-------
Melee: Unarmed           |    96 |   118 |       ||   214
       Tailslap          |    12 |    10 |       ||    22
       Kick              |    10 |     7 |       ||    17
       Headbutt          |     2 |     6 |       ||     8
       Punch             |       |     1 |       ||     1
 Cast: Beastly Appendage |    19 |    11 |       ||    30
       Sticks to Snakes  |     6 |       |       ||     6
       Spider Form       |       |     8 |       ||     8
 Abil: Breathe Fire      |       |       |     1 ||     1
  Use: Potion            |       |     2 |       ||     2
 Stab: Sleeping          |     1 |     1 |       ||     2
  Eat: Chunk             |     3 |     4 |     1 ||     8
       Ration            |       |     1 |       ||     1
Armor: Skin              |    28 |    16 |       ||    44
Dodge: Dodged            |    47 |    82 |       ||   129
